[Event "Titled Tuesday Blitz July 26 Late 2022"]
[White "Manukian, Artak"]
[Black "Chiu, Isaac"]
[WhiteFideId "13301373"]
[BlackFideId "30900654"]
[WhiteElo "2377"]
[BlackElo "2181"]
[Result "0-1"]
[Round "11"]
[TimeControl "180+1"]
[Date "2022.07.26"]
[WhiteClock "0:00:06"]
[BlackClock "0:00:07"]

1. e4 c5 2. Nf3 e6 3. c3 Nf6 4. e5 Nd5 5. d4 cxd4 6. cxd4 d6 7. Nc3 Nxc3 8. bxc3 Be7 9. Bd3 Nd7 10. O-O Qc7 11. Bg5 Bxg5 12. Nxg5 dxe5 13. Qh5 Nf6 14. Qh4 exd4 15. cxd4 Bd7 16. Rac1 Qd6 17. Rfd1 h6 18. Ne4 Nxe4 19. Bxe4 Rb8 20. d5 e5 21. Rc3 f5 22. Bb1 O-O 23. Qh5 e4 24. h4 Rbc8 25. Rg3 Be8 26. Qe2 Qe5 27. d6 Bd7 28. Rg6 Rf6 29. Rxf6 Qxf6 30. a4 Qxh4 31. Ba2+ Kh7 32. Bd5 b6 33. g3 Qf6 34. Bb7 Rd8 35. Qa6 Be8 36. Qxa7 Rxd6 37. Rxd6 Qxd6 38. Bc8 Bg6 39. a5 bxa5 40. Qxa5 e3 41. Bxf5 exf2+ 42. Kxf2 Qf6 43. g4 h5 44. Kg3 hxg4 45. Bxg4 Qd6+ 46. Kf3 Qd3+ 47. Kf4 Qe4+ 48. Kg3 Qe3+ 49. Bf3 Kh6 50. Qb4 Bh5 51. Qd6+ Kh7 52. Qf4 Qxf4+ 53. Kxf4 Bxf3 54. Kxf3 Kh6 55. Kf4 Kh5 56. Kf3 Kh4 57. Kf2 g6 58. Kf3 g5 59. Kf2 Kh3 60. Kf1 g4 61. Kf2 Kh2 62. Kf1 g3 0-1


[Site "https://www.chess.com"]

[Event "Titled Tuesday Blitz July 26 Late 2022"]
[White "Medeiros Jr, Francisco De Assis"]
[Black "Aaron, Deepak"]
[WhiteFideId "2114267"]
[BlackFideId "2009412"]
[WhiteElo "2020"]
[BlackElo "2635"]
[Result "0-1"]
[Round "11"]
[TimeControl "180+1"]
[Date "2022.07.26"]
[WhiteClock "0:00:04"]
[BlackClock "0:00:06"]

1. d4 e6 2. Nf3 f5 3. Bf4 Nf6 4. c4 Bb4+ 5. Nbd2 O-O 6. a3 Be7 7. e3 d6 8. Bd3 Qe8 9. Bg3 b6 10. e4 fxe4 11. Nxe4 Bb7 12. Qe2 h6 13. O-O Nbd7 14. Rfe1 Nh5 15. Ned2 e5 16. dxe5 Nxg3 17. hxg3 dxe5 18. Nxe5 Nxe5 19. Qxe5 Bc5 20. Qxe8 Raxe8 21. Rxe8 Rxe8 22. Nf3 Rf8 23. Rd1 Bxf3 24. gxf3 Rxf3 25. Kg2 Rxf2+ 26. Kh3 Kf7 27. Rf1 Rxf1 28. Bxf1 Kf6 29. Kg4 Ke5 30. Kf3 Kd4 31. g4 Be7 32. Kf4 Bg5+ 33. Kf5 Bc1 34. b4 Bxa3 35. b5 Bb2 36. g5 hxg5 37. Kxg5 Kc5 38. Kf5 Kb4 39. Ke6 Ka5 40. Kd5 a6 41. Kc6 Be5 42. Be2 axb5 43. cxb5 Kb4 44. Bd3 g5 45. Bf5 Kc3 46. Kd5 Bd6 47. Ke4 Kc4 48. Bd7 g4 49. Ke3 g3 50. Kf3 c5 51. bxc6 b5 52. Bh3 b4 53. Ke3 Kc5 54. Bg2 b3 55. Kd3 Be5 56. Kd2 b2 57. Kc2 Kb6 58. Kb1 Kc7 59. Kc2 Bd4 60. Kd3 b1=Q+ 61. Kxd4 Qg1+ 0-1


[Site "https://www.chess.com"]

[Event "Titled Tuesday Blitz July 26 Late 2022"]
[White "Melaugh, Shane"]
[Black "MacDaddyMac"]
[WhiteFideId "2509580"]
[WhiteElo "1938"]
[BlackElo "2561"]
[Result "0-1"]
[Round "11"]
[TimeControl "180+1"]
[Date "2022.07.26"]
[WhiteClock "0:01:09"]
[BlackClock "0:01:41"]

1. e4 e6 2. d4 d5 3. Nd2 Nf6 4. e5 Nfd7 5. Bd3 c5 6. c3 Nc6 7. Ngf3 a6 8. O-O b5 9. Re1 Qb6 10. dxc5 Bxc5 11. Re2 a5 12. Nb3 Ba6 13. Nxc5 Qxc5 14. Be3 Qe7 15. a4 bxa4 16. Bxa6 Rxa6 17. Qxa4 O-O 18. Qb5 Rfa8 19. Bg5 Qf8 20. Ra4 Rb6 21. Qd3 Nc5 22. Qd1 Nxa4 23. Qxa4 Rab8 24. h3 Qc8 25. Bc1 h6 26. Qg4 Kf8 27. Qf4 Ne7 28. g4 Ng6 29. Qa4 Qc4 30. Qa3+ Kg8 31. Re1 Nf4 32. Kh2 Nd3 33. Be3 Nxe1 34. Nxe1 Rxb2 35. Qxa5 Qe2 36. Ng2 Rb1 37. Qc7 Qf1 38. Kg3 Qh1 39. Qe7 Rg1 0-1


[Site "https://www.chess.com"]

[Event "Titled Tuesday Blitz July 26 Late 2022"]
[White "Melikyan, Gnel"]
[Black "Goncalves, Davi Sulzbacher"]
[WhiteFideId "54109990"]
[BlackFideId "2154510"]
[WhiteElo "1772"]
[BlackElo "2107"]
[Result "0-1"]
[Round "11"]
[TimeControl "180+1"]
[Date "2022.07.26"]
[WhiteClock "0:01:11"]
[BlackClock "0:01:43"]

1. e4 g6 2. d4 Bg7 3. Nc3 b6 4. Be3 Bb7 5. Qd2 e6 6. O-O-O d6 7. f4 Nd7 8. Nf3 Ne7 9. h4 h5 10. Ng5 d5 11. exd5 Nxd5 12. Nxd5 Bxd5 13. Kb1 O-O 14. Rg1 Nf6 15. g3 Qd7 16. Be2 Qa4 17. b3 Qd7 18. Nf3 Ne4 19. Qd3 c5 20. Ne5 Qb7 21. c4 Nf2 22. Bxf2 Be4 23. Bf3 Bxd3+ 24. Rxd3 Qc7 25. Bxa8 Rxa8 26. dxc5 Bxe5 27. cxb6 axb6 28. fxe5 Qxe5 29. Bxb6 Qe2 30. Rgd1 Rxa2 31. Rd8+ Kh7 0-1


[Site "https://www.chess.com"]

[Event "Titled Tuesday Blitz July 26 Late 2022"]
[White "Nakamura, Hikaru"]
[Black "Kamsky, Gata"]
[WhiteFideId "2016192"]
[BlackFideId "2000024"]
[WhiteElo "2850"]
[BlackElo "2645"]
[Result "1-0"]
[Round "11"]
[TimeControl "180+1"]
[Date "2022.07.26"]
[WhiteClock "0:00:17"]
[BlackClock "0:00:05"]

1. g3 g6 2. e4 Bg7 3. d4 c5 4. dxc5 Qa5+ 5. c3 Qxc5 6. Bg2 Nf6 7. Ne2 O-O 8. O-O d6 9. Be3 Qc7 10. h3 Nbd7 11. Nd2 a6 12. c4 Rb8 13. Rc1 b6 14. Nc3 e6 15. Qe2 Bb7 16. Rfd1 Rfd8 17. f4 Rbc8 18. Bf2 Qb8 19. b4 Ne8 20. Na4 Bc6 21. b5 Ba8 22. bxa6 Qa7 23. Rb1 Rb8 24. Nxb6 Nxb6 25. Qe3 Qxa6 26. Rxb6 Qxa2 27. Rdb1 Rxb6 28. Rxb6 h5 29. Qd3 Rc8 30. c5 d5 31. exd5 Bxd5 32. Bxd5 exd5 33. Ra6 Qb2 34. Qxd5 Nf6 35. Qd3 h4 36. g4 Qb7 37. Rd6 Kh7 38. Bxh4 Rxc5 39. Bxf6 Rc1+ 40. Nf1 Qa7+ 41. Bd4 Bxd4+ 42. Qxd4 Qa3 43. Qd3 Qc5+ 44. Kg2 Rc2+ 45. Nd2 1-0


[Site "https://www.chess.com"]

[Event "Titled Tuesday Blitz July 26 Late 2022"]
[White "Omariev, Maksim"]
[Black "Prydun, Andriy"]
[WhiteFideId "4193423"]
[BlackFideId "14145898"]
[WhiteElo "2495"]
[BlackElo "2063"]
[Result "1-0"]
[Round "11"]
[TimeControl "180+1"]
[Date "2022.07.27"]
[WhiteClock "0:01:07"]
[BlackClock "0:01:23"]

1. g4 g5 2. d4 h5 3. gxh5 g4 4. e4 d5 5. Nc3 dxe4 6. Nxe4 Rh6 7. Bxh6 Nxh6 8. Bg2 Bg7 9. Ne2 Nc6 10. c3 Be6 11. Qa4 Bd7 12. Qb3 a6 13. Nc5 Rb8 14. Ng3 Qc8 15. O-O-O b6 16. Nxd7 Qxd7 17. Rhe1 b5 18. Qd5 Rb6 19. Qg5 Kf8 20. Kb1 Na5 21. Re2 b4 22. Qxa5 bxc3 23. Qxc3 Qa4 24. Qc2 Rxb2+ 25. Kxb2 Bxd4+ 26. Kb1 1-0


[Site "https://www.chess.com"]

[Event "Titled Tuesday Blitz July 26 Late 2022"]
[White "Oro, Luis"]
[Black "Jian, Alex"]
[WhiteFideId "104094"]
[BlackFideId "30901022"]
[WhiteElo "2358"]
[BlackElo "2095"]
[Result "1-0"]
[Round "11"]
[TimeControl "180+1"]
[Date "2022.07.27"]
[WhiteClock "0:00:36"]
[BlackClock "0:00:03"]

1. e4 c5 2. Nf3 e6 3. d4 cxd4 4. Nxd4 a6 5. c4 Nf6 6. Nc3 d6 7. Be3 Nbd7 8. Be2 Be7 9. O-O O-O 10. f3 Qc7 11. Qd2 b6 12. Rac1 Bb7 13. Rfd1 Rac8 14. b3 Rfd8 15. Bf1 Bf8 16. g3 Qb8 17. Bg2 Nc5 18. Nde2 d5 19. cxd5 exd5 20. Bf4 Bd6 21. Bxd6 Qxd6 22. Qg5 h6 23. Qe3 Qe7 24. e5 Ne8 25. f4 d4 26. Nxd4 Bxg2 27. Kxg2 Qb7+ 28. Kg1 b5 29. Nf5 b4 30. Nd5 Rxd5 31. Rxd5 Qa7 32. Rcxc5 Rxc5 33. Qxc5 Qa8 34. Qc8 Qxc8 35. Ne7+ Kf8 36. Nxc8 Nc7 37. Rd8+ Ne8 38. Nd6 Ke7 39. Rxe8+ Kd7 40. Rf8 1-0


[Site "https://www.chess.com"]

[Event "Titled Tuesday Blitz July 26 Late 2022"]
[White "Ovchinnikov, Vsevolod"]
[Black "Silva, Miguel Antonio Neto"]
[WhiteFideId "24176842"]
[BlackFideId "1911929"]
[WhiteElo "2376"]
[BlackElo "2223"]
[Result "1/2-1/2"]
[Round "11"]
[TimeControl "180+1"]
[Date "2022.07.27"]
[WhiteClock "0:00:11"]
[BlackClock "0:00:22"]

1. d4 Nf6 2. c4 e6 3. g3 d5 4. Bg2 dxc4 5. Nf3 c5 6. O-O Nc6 7. Qa4 Bd7 8. Qxc4 b5 9. Qd3 c4 10. Qd1 Be7 11. a3 O-O 12. Nc3 Rb8 13. Bf4 Rb6 14. e4 a6 15. d5 exd5 16. exd5 Na5 17. d6 Nb3 18. dxe7 Qxe7 19. Re1 Qd8 20. Rb1 Qc8 21. Be3 Rb8 22. Nd4 Nc5 23. Bg5 Rb6 24. Bxf6 Rxf6 25. Nd5 Qd8 26. Nxf6+ Qxf6 27. Re3 Rd8 28. Rf3 Qb6 29. Qc2 Bg4 30. Rf4 Bh5 31. Qc3 Nd3 32. Rh4 Bg6 33. Rf1 h6 34. Nc6 Re8 35. Qd4 Qc7 36. Nb4 Nxb4 37. axb4 Bd3 38. Ra1 Qe7 39. h3 Qxb4 40. Bf1 Bg6 41. Qc3 Qd6 42. Rd4 Qb6 43. Qd2 Kh7 44. Rd6 Qc5 45. Rdxa6 Re5 46. Rc1 Rd5 47. Qe3 Qb4 48. Qc3 Qc5 49. Ra8 Rg5 50. Qe3 Qxe3 51. fxe3 Rxg3+ 52. Kf2 Rg5 53. Rb8 Be4 54. b3 Rf5+ 55. Ke1 cxb3 56. Rxb5 Bc2 57. Rxf5 Bxf5 58. e4 b2 59. Rb1 Bxe4 60. Rxb2 Bf5 61. Rf2 Kg6 62. Kd2 Kg5 63. Ke3 g6 64. Rf3 f6 65. Rf2 h5 66. Rg2+ Kh4 67. Rf2 Bxh3 68. Bxh3 Kxh3 69. Rxf6 g5 70. Kf2 Kh4 71. Rg6 g4 72. Kg2 g3 73. Kf3 Kh3 74. Rxg3+ Kh4 75. Rg8 Kh3 76. Kf2 h4 77. Kg1 1/2-1/2


[Site "https://www.chess.com"]

[Event "Titled Tuesday Blitz July 26 Late 2022"]
[White "Ozer, Omer Faruk"]
[Black "Hafiz, Arif Abdul"]
[WhiteFideId "6354564"]
[BlackFideId "7104227"]
[WhiteElo "2050"]
[BlackElo "2198"]
[Result "0-1"]
[Round "11"]
[TimeControl "180+1"]
[Date "2022.07.26"]
[WhiteClock "0:00:10"]
[BlackClock "0:00:13"]

1. e4 Nc6 2. Nf3 e5 3. Bb5 Nf6 4. d3 Bc5 5. O-O Qe7 6. c3 a6 7. Ba4 b5 8. Bb3 d6 9. a4 Bb7 10. Na3 b4 11. Nc4 bxc3 12. bxc3 O-O 13. Ne3 Bxe3 14. fxe3 Na5 15. Bc2 c5 16. c4 Nc6 17. a5 Bc8 18. Bd2 Be6 19. Bc3 Rab8 20. Qd2 Rb7 21. Ba4 Qc7 22. Nh4 Rfb8 23. h3 Ne7 24. Qc2 Bd7 25. Bxd7 Qxd7 26. Rfb1 g6 27. Nf3 Nc6 28. Rxb7 Qxb7 29. Qf2 Nd7 30. Ng5 Nf8 31. Rf1 Ne6 32. Qxf7+ Qxf7 33. Nxf7 Rb3 34. Be1 Rxd3 35. Bh4 Kg7 36. g4 h6 37. g5 hxg5 38. Bxg5 Nxg5 39. Nxg5 Rxe3 40. Rf7+ Kh6 41. h4 Kh5 42. Ne6 Kxh4 43. Rh7+ Kg4 44. Rh6 Kf3 45. Rxg6 Kxe4 46. Nc7 Nd4 47. Nxa6 Re1+ 48. Kg2 Ra1 49. Rxd6 Ra2+ 50. Kg3 Ra3+ 51. Kg4 Rxa5 52. Nc7 Ra1 53. Nd5 Rg1+ 54. Kh3 Rh1+ 55. Kg2 Rc1 56. Nf6+ Kf5 57. Nd5 Rc2+ 58. Kg3 Rc1 59. Ne3+ Ke4 60. Nd5 Rxc4 61. Kf2 Rc2+ 62. Ke1 Rh2 63. Nf6+ Kf5 64. Nd5 Rh1+ 65. Kf2 Rh2+ 66. Kg3 Re2 67. Rf6+ Ke4 68. Nc3+ Kd3 69. Nxe2 Nxe2+ 70. Kf2 e4 71. Rd6+ Nd4 72. Ke1 c4 73. Kd1 c3 74. Rd8 e3 75. Ke1 c2 76. Rc8 Nb3 77. Rd8+ Ke4 78. Rc8 c1=Q+ 79. Rxc1 Nxc1 80. Kd1 Nd3 81. Ke2 Nf4+ 82. Ke1 Kd3 83. Kf1 e2+ 84. Kf2 Ng2 85. Kf3 e1=Q 86. Kg4 Qf1 87. Kh3 Ne3+ 88. Kh2 Qg2# 0-1


[Site "https://www.chess.com"]

[Event "Titled Tuesday Blitz July 26 Late 2022"]
[White "Paiva, Henrique M A Albergaria"]
[Black "Shapiro, Daniel"]
[WhiteFideId "1920995"]
[BlackFideId "2001780"]
[WhiteElo "1975"]
[BlackElo "2252"]
[Result "0-1"]
[Round "11"]
[TimeControl "180+1"]
[Date "2022.07.27"]
[WhiteClock "0:00:49"]
[BlackClock "0:00:03"]

1. d4 Nf6 2. c4 e6 3. Nc3 Bb4 4. Bd2 d5 5. e3 O-O 6. Nf3 b6 7. Bd3 Bb7 8. O-O Nbd7 9. Ne5 Nxe5 10. dxe5 Nd7 11. cxd5 exd5 12. a3 Be7 13. f4 c5 14. Qh5 g6 15. Qh6 f5 16. Rf3 Qe8 17. Rh3 Rf7 18. e6 Rg7 19. exd7 Qxd7 20. Ne2 d4 21. Bc4+ Kh8 22. exd4 Bf6 23. dxc5 Qxd2 24. cxb6 Qxb2 25. Rd1 axb6 26. Rd6 Rf8 27. Re3 Qb1+ 28. Kf2 Be4 29. Bd3 Be7 30. Rd7 Bf6 31. Rd6 Qb2 32. Bxe4 fxe4 33. Rxe4 Rgf7 34. g3 Qxa3 35. Rde6 Qc5+ 36. Kg2 b5 37. h4 b4 38. h5 Qxh5 39. Qxh5 gxh5 40. Rb6 Bc3 41. Nxc3 bxc3 42. Rc6 h4 43. Rxc3 hxg3 44. Kxg3 Rg7+ 45. Kf3 Rfg8 46. Re6 Rg3+ 47. Ke4 Rxc3 48. f5 Rc4+ 49. Kd5 Ra4 50. f6 Rd8+ 51. Kc5 Rf4 52. Kc6 Rf8 53. Kd7 R8xf6 54. Re8+ Rf8 0-1


[Site "https://www.chess.com"]

[Event "Titled Tuesday Blitz July 26 Late 2022"]
[White "Pakleza, Zbigniew"]
[Black "Vasquez Schroeder, Rodrigo"]
[WhiteFideId "1119290"]
[BlackFideId "3400042"]
[WhiteElo "2467"]
[BlackElo "2567"]
[Result "0-1"]
[Round "11"]
[TimeControl "180+1"]
[Date "2022.07.26"]
[WhiteClock "0:00:03"]
[BlackClock "0:00:42"]

1. d4 d5 2. Bf4 c5 3. e3 cxd4 4. exd4 Nc6 5. c3 Bf5 6. Qb3 Qd7 7. Nf3 e6 8. Bb5 f6 9. O-O g5 10. Be3 Nge7 11. Re1 a6 12. Bf1 Bg7 13. Nbd2 O-O 14. c4 Na5 15. Qa3 Nxc4 16. Nxc4 dxc4 17. Bxc4 Nd5 18. Rac1 Rac8 19. h3 Rfd8 20. Bd2 Bf8 21. Qb3 Rc6 22. Bxd5 Qxd5 23. Qxd5 Rxd5 24. Rxc6 bxc6 25. Be3 Rb5 26. b3 Be4 27. Nd2 Bd5 28. Rc1 h6 29. Nc4 Kf7 30. Bd2 Be7 31. Ne3 Ba3 32. Rc2 Be4 33. Rc4 Be7 34. f3 Bb1 35. Ra4 c5 36. dxc5 Bxc5 37. Rxa6 f5 38. Kf1 Bd3+ 39. Ke1 Rxb3 40. axb3 Bxa6 41. Nc4 Bd4 42. Be3 Bc3+ 43. Bd2 Bf6 44. Bb4 e5 45. Bc3 Ke6 46. Kd2 Kd5 47. Ne3+ Ke6 48. Nc4 Bb5 49. Na3 Bf1 50. g3 Bxh3 51. b4 Bg2 52. Ke2 Bxf3+ 53. Kxf3 e4+ 54. Ke2 Bxc3 55. b5 Bd4 56. Nc4 Kd5 57. Na5 Bb6 58. Nc6 f4 59. gxf4 gxf4 60. Ne7+ Ke6 61. Ng6 f3+ 62. Kf1 Kf5 63. Ne7+ Ke6 64. Nc8 Bc5 65. b6 Kd7 66. b7 Kc7 0-1


[Site "https://www.chess.com"]

[Event "Titled Tuesday Blitz July 26 Late 2022"]
[White "Pfreundt, Jakob"]
[Black "Leiva, Gianmarco"]
[WhiteFideId "12918156"]
[BlackFideId "3804399"]
[WhiteElo "2345"]
[BlackElo "2323"]
[Result "1/2-1/2"]
[Round "11"]
[TimeControl "180+1"]
[Date "2022.07.26"]
[WhiteClock "0:00:05"]
[BlackClock "0:00:02"]

1. Nf3 Nf6 2. d4 e6 3. c4 d5 4. Nc3 a6 5. c5 b6 6. cxb6 c5 7. Qa4+ Nbd7 8. e3 Qxb6 9. Be2 Bd6 10. O-O O-O 11. Qd1 cxd4 12. exd4 Ne4 13. Nxe4 dxe4 14. Nd2 Qxd4 15. Nc4 Bc5 16. Qxd4 Bxd4 17. Rd1 e5 18. Be3 Bxe3 19. fxe3 Nf6 20. Nxe5 Be6 21. Nc6 Rfe8 22. b3 Nd5 23. Kf2 a5 24. Rac1 a4 25. b4 a3 26. b5 Nb6 27. Rc2 Na4 28. Nd4 Bd5 29. Nf5 Rad8 30. Rdc1 g6 31. Nd4 h5 32. h4 Kg7 33. Bc4 Bxc4 34. Rxc4 Nb2 35. Rc7 Nd3+ 36. Ke2 Nxc1+ 37. Rxc1 Rc8 38. Nc6 Re5 39. Rb1 Rxb5 40. Rxb5 Rxc6 41. Kd2 Rd6+ 42. Ke2 Rc6 43. Kd2 Rd6+ 44. Ke2 Rd3 45. Ra5 Rc3 46. Kd2 Rd3+ 47. Ke2 f5 48. g3 Kh6 49. Ra7 g5 50. Ra6+ Kg7 51. hxg5 Rc3 52. Kd2 Rd3+ 53. Ke2 Rc3 54. Kd2 Rd3+ 55. Ke2 1/2-1/2


[Site "https://www.chess.com"]

[Event "Titled Tuesday Blitz July 26 Late 2022"]
[White "Pinheiro, Iung Alicio de O."]
[Black "Tanenbaum, Zachary"]
[WhiteFideId "2104350"]
[BlackFideId "2060850"]
[WhiteElo "2283"]
[BlackElo "2175"]
[Result "0-1"]
[Round "11"]
[TimeControl "180+1"]
[Date "2022.07.26"]
[WhiteClock "0:00:04"]
[BlackClock "0:00:05"]

1. e4 e5 2. Bc4 Nf6 3. d3 Nc6 4. Nc3 Na5 5. Qf3 Bc5 6. Nge2 d6 7. h3 h6 8. a4 Nxc4 9. dxc4 O-O 10. Ng3 Be6 11. b3 a5 12. O-O c6 13. Rd1 Nd7 14. Be3 Bxe3 15. Qxe3 Nc5 16. Rd2 Qe7 17. Rad1 Rfd8 18. f4 exf4 19. Qxf4 Kh7 20. Rxd6 Rxd6 21. Rxd6 Rd8 22. e5 Kg8 23. Qd4 Nd7 24. Nce4 Re8 25. c5 Bd5 26. e6 fxe6 27. Rxd7 Qxd7 28. Nd6 e5 29. Qe3 Re6 30. Ngf5 Rf6 31. g4 Qe6 32. c4 e4 33. cxd5 cxd5 34. Kg2 Qe5 35. Qd4 Qf4 36. Qe3 Qe5 37. Nd4 Rf4 38. N6f5 g6 39. Ng3 g5 40. Nge2 Rf6 41. Nf5 Rc6 42. Qg3 Qxg3+ 43. Kxg3 Rxc5 44. Ned4 Rc3+ 45. Kg2 Rd3 46. h4 gxh4 47. Ne6 e3 48. Nf4 Rd2+ 49. Kf3 d4 0-1


[Site "https://www.chess.com"]

[Event "Titled Tuesday Blitz July 26 Late 2022"]
[White "Riehle, Marco"]
[Black "Alexiadis, Hristos"]
[WhiteFideId "12904392"]
[BlackFideId "4249623"]
[WhiteElo "2462"]
[BlackElo "2416"]
[Result "1-0"]
[Round "11"]
[TimeControl "180+1"]
[Date "2022.07.26"]
[WhiteClock "0:00:56"]
[BlackClock "0:00:07"]

1. e4 e5 2. Nf3 Nc6 3. Bc4 Nf6 4. d4 exd4 5. O-O Nxe4 6. Nc3 Nxc3 7. bxc3 d5 8. Bd3 Be7 9. Re1 O-O 10. cxd4 Bf6 11. Bf4 Ne7 12. Be5 Ng6 13. h3 c6 14. c3 Bd7 15. Qb3 b6 16. a4 Nxe5 17. Nxe5 Qc7 18. a5 Be6 19. a6 c5 20. Qd1 Rac8 21. Ng4 Bxg4 22. Qxg4 g6 23. Rad1 Kg7 24. Re3 h5 25. Qe2 cxd4 26. cxd4 Qf4 27. Rf3 Qxd4 28. Bxg6 Qb2 29. Qxb2 Bxb2 30. Bxh5 d4 31. Rdd3 Rc5 32. Bg4 f5 33. Bh5 f4 34. Bg4 Ra5 35. g3 Rxa6 36. gxf4 Ra1+ 37. Kg2 a5 38. Rb3 Bc1 39. Rxb6 Rxf4 40. Rg3 Kf7 41. Bh5+ Kf8 42. Re6 Ra2 43. Re8# 1-0


[Site "https://www.chess.com"]

[Event "Titled Tuesday Blitz July 26 Late 2022"]
[White "Rustemov, Alexander"]
[Black "Leitao, Rafael"]
[WhiteFideId "4119002"]
[BlackFideId "2101246"]
[WhiteElo "2804"]
[BlackElo "2609"]
[Result "1/2-1/2"]
[Round "11"]
[TimeControl "180+1"]
[Date "2022.07.26"]
[WhiteClock "0:00:13"]
[BlackClock "0:00:17"]

1. d4 Nf6 2. c4 e6 3. Nf3 Bb4+ 4. Bd2 c5 5. Bxb4 cxb4 6. g3 b6 7. Bg2 Bb7 8. O-O O-O 9. a3 Qe7 10. Qd3 a5 11. Nbd2 Na6 12. e4 d6 13. Ne1 e5 14. Nc2 bxa3 15. bxa3 Rab8 16. Rab1 Qc7 17. Rb2 Rfe8 18. f3 Nd7 19. Rfb1 Rec8 20. Bh3 exd4 21. Qxd4 Nac5 22. Ne3 Rd8 23. Bxd7 Nxd7 24. Kg2 f6 25. h4 Ne5 26. Rxb6 Bc6 27. Nd5 Bxd5 28. Qxd5+ Kf8 29. Rb7 Rxb7 30. Rxb7 Qc5 31. f4 Qxd5 32. cxd5 Nd3 33. Nc4 Nc5 34. Ra7 Nxe4 35. Rxa5 Rc8 36. Ne3 g6 37. Ra7 f5 38. Rxh7 Rc3 39. Kf3 Nxg3 40. Kxg3 Rxe3+ 41. Kg2 Rxa3 42. Rd7 Ra4 43. Kg3 Ra3+ 44. Kg2 Ra4 45. Rxd6 Rxf4 46. Rxg6 Rxh4 47. Rf6+ Ke7 48. Rxf5 Kd6 49. Kf3 Rd4 50. Ke3 Rxd5 51. Rxd5+ Kxd5 1/2-1/2


[Site "https://www.chess.com"]

[Event "Titled Tuesday Blitz July 26 Late 2022"]
[White "Sailer, Mike"]
[Black "Musovic, Armin"]
[WhiteFideId "2012901"]
[BlackFideId "939935"]
[WhiteElo "2109"]
[BlackElo "2255"]
[Result "1/2-1/2"]
[Round "11"]
[TimeControl "180+1"]
[Date "2022.07.27"]
[WhiteClock "0:00:02"]
[BlackClock "0:00:13"]

1. d4 d5 2. Nf3 Nf6 3. Bf4 c5 4. e3 Nc6 5. Nc3 a6 6. Be2 Bg4 7. h3 Bxf3 8. Bxf3 cxd4 9. exd4 e6 10. O-O Bd6 11. Bxd6 Qxd6 12. Na4 O-O 13. Re1 Rad8 14. Nc5 b6 15. Nb7 Qb4 16. Nxd8 Rxd8 17. c3 Qxb2 18. Rb1 Qxa2 19. Rxb6 Na5 20. Rxa6 g6 21. Qa1 Qxa1 22. Rxa1 Nc4 23. Ra8 Rxa8 24. Rxa8+ Kg7 25. Kf1 h5 26. Ke2 g5 27. g3 g4 28. hxg4 hxg4 29. Bg2 Nh7 30. Ra7 Kg6 31. Ra6 Kg7 32. Ra7 Kg6 33. Rb7 f5 34. Kd3 Ng5 35. Rb8 Kg7 36. Rb4 Nd6 37. Rb6 Ngf7 38. Kc2 Kf6 39. Ra6 Ke7 40. Bf1 Ne4 41. c4 dxc4 42. Bxc4 Nfd6 43. Ra7+ Kf6 44. Be2 Nxf2 45. Ra6 Ke7 46. Ra7+ Ke8 47. Ra6 Ke7 48. Bd3 Nxd3 49. Kxd3 Ne4 50. Ra7+ Ke8 51. Ra8+ Kf7 52. Ra7+ Kf6 53. Ra6 Nxg3 54. d5 f4 55. Rxe6+ Kf7 56. Re5 Kf6 57. Re1 Nf5 58. Ke4 f3 59. Kf4 f2 60. Rf1 g3 61. Kf3 Ke5 62. Rd1 Nd4+ 63. Kxg3 f1=Q 64. Rxf1 Kxd5 65. Rd1 Ke4 66. Kg4 Ke3 67. Ra1 Ke4 68. Ra4 Ke5 69. Ra5+ Ke4 70. Rc5 Ne2 71. Rc8 Nd4 72. Rd8 Ke5 73. Kg3 Ke4 74. Kf2 Nf5 75. Re8+ Kf4 76. Rf8 Ke4 77. Ke2 Nd4+ 78. Kd2 Nf3+ 79. Ke2 Ne5 80. Re8 Kf4 81. Rxe5 Kxe5 1/2-1/2


[Site "https://www.chess.com"]

[Event "Titled Tuesday Blitz July 26 Late 2022"]
[White "Salem, A.R. Saleh"]
[Black "Maksimovic, Bojan"]
[WhiteFideId "9301348"]
[BlackFideId "14408120"]
[WhiteElo "2679"]
[BlackElo "2453"]
[Result "1-0"]
[Round "11"]
[TimeControl "180+1"]
[Date "2022.07.26"]
[WhiteClock "0:01:57"]
[BlackClock "0:00:22"]

1. d4 c5 2. d5 e5 3. e4 d6 4. Nc3 Be7 5. f4 exf4 6. Bxf4 Bg5 7. Bb5+ Kf8 8. Bg3 Bh4 9. Qf3 a6 10. Bd3 Nd7 11. O-O-O Bxg3 12. Qxg3 Ne7 13. Qxd6 Qb6 14. Qxb6 Nxb6 15. Nf3 Bg4 16. a4 Ng6 17. Rdf1 Nd7 18. a5 Bxf3 19. gxf3 Nf4 20. Ne2 Nxe2+ 21. Bxe2 Re8 22. Kd2 f5 23. exf5 Kf7 24. c4 Kf6 25. f4 Re7 26. Rhg1 Rhe8 27. Bd3 Re3 28. Rg3 R3e7 29. Rfg1 b6 30. axb6 Nxb6 31. Rh3 Rh8 32. Ra1 Ra7 33. Ra5 Nd7 34. Re3 Rb8 35. Re6+ Kf7 36. Kc3 Rab7 37. Bc2 Rb6 38. Rxa6 Rxa6 39. Rxa6 Ke7 40. Re6+ Kf7 41. d6 Rd8 42. Ba4 Nb6 43. Bc6 Kf8 44. b4 cxb4+ 45. Kxb4 Nc8 46. c5 Na7 47. Ba4 Rb8+ 48. Kc4 Kf7 49. Re7+ Kf6 50. Rxa7 Rb1 51. Be8 Rc1+ 52. Kd5 Rd1+ 53. Kc6 Kxf5 54. Rxg7 Kxf4 55. Rxh7 Ke5 56. Re7+ Kf6 57. h4 Rc1 58. h5 Rh1 59. Re2 Ra1 60. Rf2+ Kg7 61. Bg6 Ra6+ 62. Kd5 Ra1 63. Rd2 Rd1 64. Rxd1 Kh6 65. Rg1 Kg7 66. Ke6 Kh6 67. Kf5 Kg7 68. Kg5 Kf8 69. Kf6 Kg8 70. h6 Kh8 71. c6 Kg8 72. c7 Kh8 73. d7 Kg8 74. c8=Q# 1-0


[Site "https://www.chess.com"]

[Event "Titled Tuesday Blitz July 26 Late 2022"]
[White "Sanchez Alarcon, Juan"]
[Black "Hjartarson, Johann"]
[WhiteFideId "3401332"]
[BlackFideId "2300044"]
[WhiteElo "2164"]
[BlackElo "2458"]
[Result "0-1"]
[Round "11"]
[TimeControl "180+1"]
[Date "2022.07.26"]
[WhiteClock "0:02:19"]
[BlackClock "0:01:35"]

1. e4 c5 2. c3 d5 3. exd5 Qxd5 4. d4 Nf6 5. Nf3 e6 6. Na3 Nc6 7. Nb5 Qd8 8. Be2 a6 9. Na3 cxd4 10. cxd4 Bb4+ 11. Bd2 Bxd2+ 12. Qxd2 O-O 13. Rd1 b5 14. O-O Bb7 15. Qf4 Nd5 16. Qg3 Rc8 17. Bd3 h6 18. Nc2 Qf6 19. Ne5 Nxe5 20. dxe5 Qg5 21. Qxg5 hxg5 22. Nd4 Nf4 23. f3 Rc5 24. Rfe1 Rd8 25. Bb1 Rcd5 0-1


[Site "https://www.chess.com"]

[Event "Titled Tuesday Blitz July 26 Late 2022"]
[White "Sarana, Alexey"]
[Black "Pranav, V"]
[WhiteFideId "24133795"]
[BlackFideId "25060783"]
[WhiteElo "2666"]
[BlackElo "2380"]
[Result "1-0"]
[Round "11"]
[TimeControl "180+1"]
[Date "2022.07.26"]
[WhiteClock "0:00:30"]
[BlackClock "0:00:05"]

1. d4 Nf6 2. c4 e6 3. Nc3 Bb4 4. e3 O-O 5. Bd3 d5 6. a3 Bxc3+ 7. bxc3 dxc4 8. Bxc4 c5 9. Ne2 b6 10. O-O Bb7 11. f3 Qc7 12. Bd3 Rd8 13. e4 Nc6 14. Be3 Qe7 15. Qe1 Rac8 16. Qg3 cxd4 17. cxd4 Nh5 18. Qg4 Ne5 19. Qxh5 Nxd3 20. Qb5 e5 21. Qxd3 exd4 22. Nxd4 g6 23. Rfd1 Qe5 24. Rac1 Rc5 25. Qd2 h5 26. h3 h4 27. Qf2 Qf6 28. Ne2 Rxc1 29. Rxc1 Rd3 30. Nf4 Rxa3 31. Qd2 Rb3 32. Bd4 Qg5 33. Ba1 Rxf3 34. Qd4 f6 35. Qd8+ Kh7 36. Rc7+ Kh6 37. Qh8# 1-0


[Site "https://www.chess.com"]

[Event "Titled Tuesday Blitz July 26 Late 2022"]
[White "Sarkar, Justin"]
[Black "Reprintsev, Alexander"]
[WhiteFideId "2010011"]
[BlackFideId "14100541"]
[WhiteElo "2006"]
[BlackElo "2108"]
[Result "0-1"]
[Round "11"]
[TimeControl "180+1"]
[Date "2022.07.27"]
[WhiteClock "0:00:04"]
[BlackClock "0:00:40"]

1. d4 d5 2. Nf3 Nc6 3. e3 Bg4 4. Be2 e6 5. h3 Bxf3 6. Bxf3 Nf6 7. c4 Bb4+ 8. Bd2 Bxd2+ 9. Nxd2 O-O 10. O-O Qe7 11. Rc1 Rad8 12. Qa4 a6 13. Nb3 Ne4 14. Bxe4 dxe4 15. Nc5 Rb8 16. Nxe4 f5 17. Nc5 e5 18. Nxb7 Rxb7 19. Qxc6 Rxb2 20. Qxa6 exd4 21. exd4 f4 22. c5 f3 23. Qc4+ Kh8 24. g3 Qd7 25. Kh2 Ra8 26. Rc2 Rxc2 27. Qxc2 Qd5 28. Rd1 Rxa2 0-1


[Site "https://www.chess.com"]

[Event "Titled Tuesday Blitz July 26 Late 2022"]
[White "Schwabeneder, Florian"]
[Black "Sivakumar, Shaashwath"]
[WhiteFideId "1626191"]
[BlackFideId "30912156"]
[WhiteElo "2275"]
[BlackElo "1823"]
[Result "1-0"]
[Round "11"]
[TimeControl "180+1"]
[Date "2022.07.27"]
[WhiteClock "0:02:16"]
[BlackClock "0:01:21"]

1. e4 c5 2. Nf3 d6 3. d4 cxd4 4. Nxd4 Nf6 5. Nc3 a6 6. Bg5 Nbd7 7. Bc4 Qa5 8. Qd2 e6 9. O-O-O b5 10. Bxe6 b4 11. Nd5 Qxa2 12. Nc7+ Kd8 13. Bxa2 1-0


[Site "https://www.chess.com"]